 Dungeon Crawl Stone Soup version 0.19.5 (webtiles) character file.

444 djnw the Conjurer (level 7, 0/55 HPs)
             Began as a Naga Conjurer on Mar 24, 2017.
             Slain by an adder (2 damage)
             ... on level 4 of the Dungeon.
             The game lasted 00:13:40 (4966 turns).

djnw the Conjurer (Naga Conjurer)                   Turns: 4966, Time: 00:13:41

Health: 0/55       AC:  5    Str: 10    XL:     7   Next: 3%
Magic:  14/14      EV: 10    Int: 17    God:
Gold:   251        SH:  0    Dex: 12    Spells: 3 memorised, 8 levels left

rFire  . . .     SeeInvis +     h - +0 whip (elec)
rCold  . . .     Gourm    .     a - +0 robe
rNeg   . . .     Faith    +     (no shield)
rPois  +         Spirit   .     (no helmet)
rElec  .         Reflect  .     (no cloak)
rCorr  .         Harm     .     e - +1 pair of gloves
MR     .....                    (no barding)
Stlth  ++........               f - amulet of faith
                                (no ring)
                                (no ring)

@: lethally poisoned (0 -> -3), short of breath, very slow
A: see invisible, deformed body, mutation resistance 1, poison resistance,
slowness 2, slow metabolism 1, spit poison 1, AC +2
a: Spit Poison


You were on level 4 of the Dungeon.
You were not hungry.

You visited 1 branch of the dungeon, and saw 4 of its levels.

You collected 251 gold pieces.

Inventory:

Hand Weapons
 h - a +0 whip of electrocution (weapon)
Armour
 a - a +0 robe (worn)
 e - a +1 pair of gloves (worn)
Jewellery
 f - an amulet of faith (around neck)
Scrolls
 d - 4 scrolls of identify
 i - 3 scrolls of remove curse
Potions
 g - a potion of flight
 j - a potion of might
 m - a potion of haste
 n - a potion of ambrosia {unknown}
Books
 b - a book of Conjurations

   Spells                             Type                      Level
   a - Magic Dart                     Conjuration                  1
   b - Searing Ray                    Conjuration                  2
   c - Dazzling Spray                 Conjuration/Hexes            3
   d - Fulminant Prism                Conjuration/Hexes            4
   e - Iskenderun's Mystic Blast      Conjuration                  4
   f - Iskenderun's Battlesphere      Conjuration/Charms           5
Comestibles
 c - 4 bread rations
 k - 2 meat rations
 l - a beef jerky


   Skills:
 - Level 1.5 Dodging
 - Level 3.0 Stealth
 + Level 4.9 Spellcasting
 + Level 6.4 Conjurations


You had 8 spell levels left.
You knew the following spells:

 Your Spells              Type           Power        Failure   Level  Hunger
a - Magic Dart            Conj           ####         1%          1    None
b - Searing Ray           Conj           ####..       1%          2    #......
c - Iskenderun's Mystic   Conj           ####....     12%         4    ####...


Dungeon Overview and Level Annotations

Branches:
Dungeon (4/15)
 Temple: D:4-7

Altars:
Fedhas
Sif Muna
Trog


Innate Abilities, Weirdness & Mutations

You cannot wear boots.
Your serpentine skin is tough. (AC +2)
You have supernaturally acute eyesight. (SInv)
Armour fits poorly on your strangely shaped body.
Your system is resistant to poisons. (rPois)
You cover ground very slowly.
You have a slow metabolism.
You can spit poison.
You are somewhat resistant to further mutation.


Message History

The orc wizard hits you with a dagger.
The orc wizard hits you but does no damage.
The adder bites you but does no damage.
You barely miss the orc wizard.
You feel sick.
The orc wizard gestures at you while chanting.
The magic dart hits you!
* * * LOW HITPOINT WARNING * * *
The orc wizard hits you with a dagger.
* * * LOW HITPOINT WARNING * * *
The adder closely misses you. The orc wizard hits you with a dagger.
* * * LOW HITPOINT WARNING * * *
The orc wizard hits you but does no damage.
You hit the orc wizard.
There is a sudden explosion of sparks!
The orc wizard is almost dead.
The orc wizard hits you with a dagger.
* * * LOW HITPOINT WARNING * * *
The orc wizard hits you with a dagger.
* * * LOW HITPOINT WARNING * * *
The adder bites you.
You die...

#........... #....#
#........... #....#
#........... #....##
#....####### ......
#....'...... ....
#....#...... ##### #..#
#....#####.. .....
#oo#######....###'#
...$..#o@S#....#....#....
......#o..#....'....#....
......'...#....#....#....
......#...#....#....#....
.......)#####+##....#####
########............#...#
#............#....
#............#....
#######............##+##


You could see 3 orc wizards, an adder and an orc.

Vanquished Creatures
  An ogre (D:4)
  A scorpion (D:3)
  2 howler monkeys (D:4)
  A worker ant (D:4)
  4 gnolls (D:3)
  3 adders
  3 oozes (D:1)
  An adder skeleton (D:4)
  2 worms (D:2)
  2 dart slugs
  2 leopard geckos (D:1)
  13 orcs
  5 giant cockroaches
  5 goblins
  14 hobgoblins
  6 jackals
  4 quokkas
  3 ball pythons
  11 bats
  4 frilled lizards
  13 kobolds
  9 rats
109 creatures vanquished.

Notes
Turn   | Place    | Note
-------+----------+-------------------------------------------
     0 | D:1      | djnw the Naga Conjurer began the quest for the Orb.
     0 | D:1      | Reached XP level 1. HP: 15/15 MP: 3/3
   122 | D:1      | Gained mutation: You are somewhat resistant to further mutation. [potion of mutation]
   142 | D:1      | Reached XP level 2. HP: 10/22 MP: 0/5
   154 | D:1      | Learned a level 2 spell: Searing Ray
   648 | D:1      | Reached XP level 3. HP: 13/28 MP: 6/6
  1513 | D:1      | Reached XP level 4. HP: 32/36 MP: 1/8
  1680 | D:1      | Learned a level 4 spell: Iskenderun's Mystic Blast
  2738 | D:2      | Reached skill level 5 in Conjurations
  2789 | D:3      | Reached XP level 5. HP: 11/42 MP: 5/10
  3440 | D:3      | Found a deep blue altar of Sif Muna.
  3452 | D:3      | Found a blossoming altar of Fedhas.
  3756 | D:3      | Reached XP level 6. HP: 42/49 MP: 9/12
  4165 | D:4      | Reached skill level 6 in Conjurations
  4689 | D:4      | Found a bloodstained altar of Trog.
  4949 | D:4      | Reached XP level 7. HP: 45/55 MP: 14/14
  4966 | D:4      | HP: 2/55 [orc wizard/dagger (2)]
  4966 | D:4      | Slain by an adder

Skill      XL: |  1  2  3  4  5  6 |
---------------+-------------------+-----
Spellcasting   | 3 4 |  4.9
Conjurations   | 5 6 |  6.4
Dodging        | |  1.5
Stealth        | |  3.0

Action                   |  1- 3 |  4- 6 |  7- 9 || total
-------------------------+-------+-------+-------++-------
Melee: Club              |    11 |       |       ||    11
       Unarmed           |     1 |       |       ||     1
       Spear             |    43 |    70 |       ||   113
       Rapier            |       |    14 |       ||    14
       Whip              |       |    25 |    10 ||    35
 Cast: Magic Dart        |    32 |    62 |       ||    94
       Searing Ray       |     2 |    12 |       ||    14
 Abil: Spit Poison       |     1 |    15 |     1 ||    17
  Use: Potion            |     1 |     4 |       ||     5
       Scroll            |       |     8 |       ||     8
 Stab: Distracted        |     1 |     1 |       ||     2
       Sleeping          |       |     3 |       ||     3
  Eat: Chunk             |     1 |    11 |       ||    12
Armor: Robe              |    35 |    67 |     8 ||   110
Dodge: Dodged            |    52 |    91 |     7 ||   150
